AoeStats
← giannis.arsla

MegaRandom

508826828Analyzed
4v4 RM · 6d ago on Sep 24, 2026· 23m 20s· 8 players
Game mode
Random Map
Map size
Large (8 player)
Population
200
Speed
Normal
Resources
Standard
Victory
Conquest
Starting age
Dark Age
Ending age
Imperial Age
RankedLock teamsTeams togetherTeam positionsShared explorationLock speedFull tech treeHidden civsTurbo modeCheats
Victory
Defeat
🇭🇰 Varangians · Hong Kong SAR China
1139
+8
🇲🇽 Khmer · Mexico
1087
+10
🇬🇷 Sicilians · Greece
977
+14
🇦🇺 Turks · Australia
790
+21
1036
-17
🇹🇼 Persians · Taiwan
937
-13
🇨🇳 Hindustanis · China
905
-12
🇻🇳 Bengalis · Vietnam
884
-11
心死就在一瞬間
10:50 Loom
12:36 Feudal Age
13:21 Double-Bit Axe
will troll if not arena
0:45 Loom
0:51 Loom
24:00 Feudal Age
nm18
4:55 Loom
12:34 Feudal Age
fjk
10:48 Feudal Age
12:09 Wheelbarrow
11:27 Double-Bit Axe
12:46 Horse Collar
Radolf
1:05 Loom
11:44 Feudal Age
13:19 Wheelbarrow
12:31 Town Watch
13:15 Double-Bit Axe
17:04 Scale Barding Armor
20:34 Forging
21:58 Bloodlines
Sonaron Disparos
5:35 Loom
8:05 Feudal Age
8:36 Double-Bit Axe
13:31 Bloodlines
14:09 Forging
15:05 Scale Barding Armor
20:39 Castle Age
19:07 Gold Mining
20:17 Horse Collar
21:33 Husbandry
23:41 Gold Shaft Mining
giannis.arsla
7:27 Loom
10:37 Feudal Age
15:19 Double-Bit Axe
15:27 Arson
15:33 Arson
15:10 Man-at-Arms
19:08 Scale Mail Armor
19:18 Forging
19:30 Horse Collar
22:37 Bloodlines
I just want to farm!!!
0:30 Loom
11:21 Feudal Age
15:13 Castle Age
13:05 Double-Bit Axe
14:34 Horse Collar
16:24 Bow Saw
17:03 Heavy Plow
19:33 Stone Mining
22:20 Forging
22:05 Gold Mining
22:58 Fishing Lines
Connection lost

Rejoining the realm…

Still unreachable

The connection could not be restored.

Session expired

The server has moved on; the page needs a fresh start.